AoeStats
← Habadoon

Arena

510539729Analyzed
1v1 RM · 2d ago on Oct 1, 2026· 43m 15s· 2 players
Game mode
Random Map
Map size
Tiny (2 player)
Population
200
Speed
Normal
Resources
Standard
Victory
Conquest
Starting age
Dark Age
Ending age
Imperial Age
RankedLock teamsTeams togetherTeam positionsShared explorationLock speedFull tech treeHidden civsTurbo modeCheats
Victory
Defeat
🇺🇸 Chinese · United States
654
+20
🇦🇷 Byzantines · Argentina
753
-53
ZDiddy
12:41 Feudal Age
11:05 Loom
14:25 Double-Bit Axe
17:33 Castle Age
16:27 Double-Bit Axe
16:28 Horse Collar
20:11 Fletching
21:35 Bow Saw
23:03 Padded Archer Armor
23:52 Heavy Plow
24:19 Leather Archer Armor
24:30 Gold Mining
24:36 Stone Mining
25:39 Wheelbarrow
26:08 Gold Shaft Mining
26:15 Stone Shaft Mining
25:34 Town Watch
28:16 Thumb Ring
29:24 Hand Cart
29:35 Ballistics
29:29 Masonry
29:21 Bodkin Arrow
31:33 Fortified Wall
31:39 Town Patrol
31:49 Great Wall
32:50 Forging
32:46 Scale Barding Armor
37:10 Imperial Age
35:34 Iron Casting
35:07 Murder Holes
37:53 Bracer
38:00 Elite Chu Ko Nu
39:58 Chemistry
40:35 Elite Fire Lancer
40:47 Pikeman
42:22 Heavy Rocket Cart
Habadoon
12:37 Feudal Age
16:51 Castle Age
17:53 Double-Bit Axe
17:50 Horse Collar
19:16 Loom
23:45 Bow Saw
23:42 Padded Archer Armor
26:39 Fletching
27:06 Leather Archer Armor
27:00 Elite Skirmisher
29:44 Wheelbarrow
31:02 Ballistics
30:57 Thumb Ring
34:59 Imperial Age
34:22 Treadmill Crane
34:38 Murder Holes
35:29 Husbandry
34:49 Light Cavalry
35:41 Scale Barding Armor
36:12 Conscription
36:30 Forging
36:16 Bodkin Arrow
38:38 Hoardings
39:46 Chain Barding Armor
43:59 Chemistry
42:46 Arrowslits
Connection lost

Rejoining the realm…

Still unreachable

The connection could not be restored.

Session expired

The server has moved on; the page needs a fresh start.